Cogmind - Beta 16.1 @@@ ROGUE MODE // 2026.02.19 @ 01:00:23 Player: MN-51T Result: Self-destructed Performance ------------- Evolutions (2) 1000 Regions Visited (5) 1000 Robots Destroyed (8) 40 Value Destroyed (152) 152 Prototype IDs (0) 0 Alien Tech Used (0) 0 Bonus (0) 0 TOTAL SCORE: 2192 Bonus ------- None Cogmind --------- Core Integrity 431/550 Matter 300/300 Energy 140/140 System Corruption 2% Temperature Cool (0) Movement Flying (117) Ox1 Location -8/Materials Parts ------- > --- POWER (1) -------- Light Deuterium Engine > --- PROPULSION (4) --- Flight Unit Flight Unit > --- UTILITY (4) ------ Hardened Light Armor Plating > --- WEAPON (2) ------- Spear > --- INVENTORY (5) ---- Improved Deuterium Engine Improved Cooling System Propulsion Shielding Improved Trap Extractor (0/6) Lightning Gun Peak State ------------ > --- POWER ------------ Light Deuterium Engine > --- PROPULSION ------- Flight Unit Flight Unit Xenon Bombardment Thruster > --- UTILITY ---------- High-capacity Battery Seismic Detector Hardened Light Armor Plating Improved Trap Extractor > --- WEAPON ----------- Spear > --- INVENTORY -------- Improved Deuterium Engine Improved Cooling System Propulsion Shielding Lightning Gun [Rating: 22] Favorites ----------- Power Light Ion Engine Engine Light Ion Engine Propulsion Flight Unit Leg Aluminum Leg Wheel Compact Wheel Flight Unit Flight Unit Utility Seismic Detector Device Seismic Detector Storage Small Storage Unit Protection Hardened Light Armor Plating Weapon EM Pulse Gun Energy Gun EM Pulse Gun Ballistic Gun Assault Rifle Launcher Grenade Launcher Piercing Weapon Spear Build | -11 -10 -10 -9 -9 -8 ------- Run | Yrd Mat Min Mat Min Mat Slots Evolved 4 | . . . 2 . 2 Power . | . . . . . . Propulsion 2 | . . . 1 . 1 Utility 2 | . . . 1 . 1 Weapon . | . . . . . . Parts Attached 32 | 6 13 3 3 3 4 Power 4 | 1 1 . . 1 1 Engine 4 | 1 1 . . 1 1 Core . | . . . . . . Reactor . | . . . . . . Propulsion 7 | 2 2 . 1 1 1 Treads . | . . . . . . Leg 2 | 2 . . . . . Wheel 1 | . . . . . 1 Hover . | . . . . . . Flight 4 | . 2 . 1 1 . Utility 16 | 1 8 3 2 . 2 Device 7 | . 4 1 1 . 1 Storage 5 | 1 2 1 . . 1 Processor . | . . . . . . Hackware . | . . . . . . Protection 4 | . 2 1 1 . . Artifact . | . . . . . . Weapon 5 | 2 2 . . 1 . Energy Gun 1 | 1 . . . . . Energy Cannon . | . . . . . . Ballistic Gun 2 | 1 1 . . . . Ballistic Cannon . | . . . . . . Launcher 1 | . 1 . . . . Special Weapon . | . . . . . . Impact Weapon . | . . . . . . Slashing Weapon . | . . . . . . Piercing Weapon 1 | . . . . 1 . Special Melee Weapon . | . . . . . . Unidentified Prototypes . | . . . . . . Parts Lost 3 | . 1 . . . 2 Power . | . . . . . . Propulsion 1 | . . . . . 1 Utility 2 | . 1 . . . 1 Weapon . | . . . . . . Highest Loss Streak 2 | . 1 . . . 2 To Critical Strikes . | . . . . . . Average Backups 4 | 1 5 5 4 4 4 Power . | . . . . . 1 Propulsion . | . 1 . . . . Utility 1 | . 1 3 2 2 2 Weapon 1 | . 1 1 1 1 1 Tool/Special . | . . . . . . Unused Backups 11 | . 6 1 . 2 2 Power 1 | . 1 . . . . Propulsion 4 | . 4 . . . . Utility 3 | . . 1 . 1 1 Weapon 2 | . 1 . . . 1 Tool/Special 1 | . . . . 1 . Average Slot Usage (%) 85 | . 91 85 84 92 75 Engine 11 | . 14 14 11 11 9 Leg 9 | . 23 . . . . Wheel 1 | . . . . . 3 Flight 18 | . 4 28 29 33 27 Device 14 | . 8 28 17 11 17 Storage 2 | . 6 . . . . Protection 8 | . 7 . 15 22 9 Energy Gun 5 | . 12 . . . . Ballistic Gun 8 | . 13 14 11 11 . Piercing Weapon 3 | . . . . 4 9 Peak Build Rating 22 | 6 8 6 9 19 22 Average Rating 11 | 4 6 5 8 11 20 On Entrance 7 | . 6 6 6 9 17 Avg Prop Armor Cover (%) 9 | . . . . . 9 Naked Turns . | . . . . . . Heaviest Build 20 | 12 20 8 11 13 16 Greatest Support 20 | 20 20 8 12 14 16 Greatest Overweight (x) . | . . . . . . Average Overweight (x) . | . . . . . . Largest Inventory Capacity 10 | 8 10 5 5 5 5 Average Capacity 5 | 6 6 5 5 5 5 Most Carried 7 | 6 7 5 5 5 5 Average Carried 4 | 2 5 4 4 4 4 Final Capacity 8 | 8 5 5 5 5 5 Final Carried 6 | 6 5 5 5 5 5 Class Distribution -------------------- 100% | Mutant Dominant Class ---------------- Mutant | -10/Materials Mutant | -10/Mines Mutant | -9/Materials Mutant | -9/Mines Mutant | -8/Materials Resources | -11 -10 -10 -9 -9 -8 ----------- Run | Yrd Mat Min Mat Min Mat Matter Collected 679 | 220 117 61 . 44 237 Remotely . | . . . . . . Salvage Created 244 | . 66 . . . 178 Parts 17 | . 11 . . . 6 Haulers Intercepted . | . . . . . . Recyclers Shooed . | . . . . . . Parts Field Recycled . | . . . . . . Retrieved Matter . | . . . . . . Parts Self-Destructed . | . . . . . . Prevented . | . . . . . . Parts Restored . | . . . . . . Kills | -11 -10 -10 -9 -9 -8 ------- Run | Yrd Mat Min Mat Min Mat Combat Hostiles Destroyed 6 | . 5 . . . 1 Melee 1 | . . . . . 1 Guns 1 | . 1 . . . . AOE 4 | . 4 . . . . Classes Destroyed 4 | . 2 . . . 2 Recycler 1 | . . . . . 1 Watcher 1 | . . . . . 1 Swarmer 4 | . 4 . . . . Grunt 2 | . 1 . . . 1 Best Kill Streak 3 | . 3 . . . 2 Combat Bots Only 3 | . 3 . . . 1 Max Kills in Single Turn 2 | . 2 . . . 1 Gunslinging . | . . . . . . Exploded 2 | . 2 . . . . Melee 1 | . . . . . 1 Uniques/NPCs Destroyed . | . . . . . . Combat | -11 -10 -10 -9 -9 -8 -------- Run | Yrd Mat Min Mat Min Mat Hostile Shots Fired 26 | . 20 . 2 . 4 Missed 15 | . 10 . 2 . 3 Hits 11 | . 10 . . . 1 Projectile 11 | . 10 . . . 1 Damage Taken 449 | . 172 . . . 277 Core 146 | . 27 . . . 119 Absorbed by Shields . | . . . . . . Regen/Repaired (Parts) 29 | . . . . . 29 Core Remaining (%) 96 | 100 . 89 . 100 . Volleys Fired 21 | . 21 . . . . Largest 2 | . 2 . . . . Hottest 60 | . 60 . . . . Shots Fired 29 | . 29 . . . . Gun 24 | . 24 . . . . Cannon . | . . . . . . Launcher 5 | . 5 . . . . Special . | . . . . . . Kinetic 8 | . 8 . . . . Thermal . | . . . . . . Explosive 5 | . 5 . . . . Electromagnetic 16 | . 16 . . . . Robot Hit Streak 7 | . 7 . . . . Robot Miss Streak 1 | . 1 . . . . Penetration Max . | . . . . . . Secondary Targets . | . . . . . . Shots Hit Robots 21 | . 18 . . . 3 Core Hits 11 | . 8 . . . 3 Critical Kills . | . . . . . . Critical Parts Destroyed . | . . . . . . Critical Strikes . | . . . . . . Melee Attacks 17 | . . . . . 17 Impact . | . . . . . . Slashing . | . . . . . . Piercing 17 | . . . . . 17 Sneak Attacks 2 | . . . . . 2 Combat Hostiles 1 | . . . . . 1 Follow-up Attacks . | . . . . . . Damage Inflicted 696 | . 541 . . . 155 Guns 275 | . 275 . . . . Cannons . | . . . . . . Explosions 266 | . 266 . . . . Melee 155 | . . . . . 155 Ramming . | . . . . . . Kinetic 76 | . 76 . . . . Thermal . | . . . . . . Explosive 266 | . 266 . . . . Electromagnetic 199 | . 199 . . . . Impact . | . . . . . . Slashing . | . . . . . . Piercing 155 | . . . . . 155 Highest Corruption 2 | . . . . . 2 Average Corruption 2 | . . . . . 2 Corruption Purged . | . . . . . . Corruption Blocked . | . . . . . . Overload Shots . | . . . . . . Overflow Damage 33 | . 33 . . . . Projectiles . | . . . . . . Explosions 33 | . 33 . . . . Melee . | . . . . . . Knockbacks . | . . . . . . Impact . | . . . . . . Kinetic . | . . . . . . Secondary . | . . . . . . Self-Inflicted Damage 57 | . 57 . . . . Shots 2 | . 2 . . . . Rammed . | . . . . . . Targets Rammed . | . . . . . . Kicked . | . . . . . . Crushed . | . . . . . . Highest Temperature 126 | . 126 . . . 1 Average Temperature 42 | . 43 . . . 1 Received Heat Transfer 63 | . 54 . . . 9 Siege Activations . | . . . . . . Martial Activations . | . . . . . . Shielding Activations . | . . . . . . Robots Disrupted . | . . . . . . Combat Hostiles . | . . . . . . Robots Corrupted . | . . . . . . Combat Hostiles . | . . . . . . Parts Fried . | . . . . . . Impact Corruptions . | . . . . . . Robots Melted . | . . . . . . Combat Hostiles . | . . . . . . Parts Melted . | . . . . . . Heat Transferred . | . . . . . . Parts Sabotaged . | . . . . . . Parts Stolen . | . . . . . . Parts Stripped . | . . . . . . Power Chain Reactions . | . . . . . . Alert | -11 -10 -10 -9 -9 -8 ------- Run | Yrd Mat Min Mat Min Mat Maximum Alert Level . | . . . . . . Low Security (%) 100 | 100 100 100 100 100 100 Level 1 . | . . . . . . Level 2 . | . . . . . . Level 3 . | . . . . . . Level 4 . | . . . . . . Level 5 . | . . . . . . High Security . | . . . . . . Max Security . | . . . . . . Peak Influence 149 | . 149 52 20 30 63 Initial 52 | . . 52 4 9 11 Average 27 | . 38 34 8 9 26 Influence Increases 479 | . 225 . 60 30 164 Destroy 0b10 Robot/C 120 | . 100 . . . 20 Destroy 0b10 Robot/NC 10 | . . . . . 10 Destroy Leader 22 | . 20 . . . 2 Successful Hack 50 | . 22 . . . 28 Destroy Structure 52 | . 38 . . . 14 Partial Spotted 105 | . . . 45 . 60 Lose Combat Pursuer 120 | . 45 . 15 30 30 Influence Decreases 479 | . 90 123 47 25 194 Entered New Map 126 | . . 83 8 16 19 Time Decay 326 | . 80 40 39 9 158 Lost Part 17 | . 10 . . . 7 Lost Ally 10 | . . . . . 10 Squads Dispatched 4 | . 2 . 1 . 1 Investigation 2 | . 2 . . . . Extermination . | . . . . . . Reinforcement 2 | . . . 1 . 1 Assault . | . . . . . . Garrison . | . . . . . . Intercept . | . . . . . . Searches Triggered . | . . . . . . Construction Impeded . | . . . . . . Haulers Reinforced . | . . . . . . Active Scanning Responses . | . . . . . . Cargo Convoy Interrupts . | . . . . . . Stealth | -11 -10 -10 -9 -9 -8 --------- Run | Yrd Mat Min Mat Min Mat Distress Signals 5 | . 3 . 1 . 1 Communications Jammed . | . . . . . . Distress Signals . | . . . . . . Times Spotted 30 | . 13 . 7 4 6 Peak Tracking Total 6 | . 6 . 6 3 2 Tactical Retreats 6 | . 2 . 1 1 2 ECM-based Alert Blocks 1 | . 1 . . . . Traps | -11 -10 -10 -9 -9 -8 ------- Run | Yrd Mat Min Mat Min Mat Traps Triggered 1 | . 1 . . . . Indirectly . | . . . . . . Trap Hack Attempts . | . . . . . . Triggered . | . . . . . . Disarmed . | . . . . . . Reprogrammed . | . . . . . . Reused . | . . . . . . Traps Extracted . | . . . . . . Installed . | . . . . . . Triggered . | . . . . . . Machines | -11 -10 -10 -9 -9 -8 ---------- Run | Yrd Mat Min Mat Min Mat Machines Disabled . | . . . . . . Max in Single Turn . | . . . . . . Machines Repaired . | . . . . . . Machines Dismantled . | . . . . . . Machines Sabotaged . | . . . . . . Overloaded Fab Kills . | . . . . . . Hacking | -11 -10 -10 -9 -9 -8 --------- Run | Yrd Mat Min Mat Min Mat Machines Accessed 17 | . 9 . 1 1 6 Terminals 13 | . 7 . 1 . 5 Fabricators . | . . . . . . Repair Stations 2 | . 1 . . . 1 Recycling Units 1 | . 1 . . . . Scanalyzers . | . . . . . . Garrison Access . | . . . . . . Total Hacks 50 | . 33 . 2 1 14 Successful 30 | . 18 . 1 1 10 Failed 20 | . 15 . 1 . 4 Catastrophic 2 | . 1 . . . 1 Database Lockouts . | . . . . . . Manual 32 | . 18 . 2 . 12 Terminals 42 | . 28 . 2 . 12 Fabricators . | . . . . . . Repair Stations 4 | . 2 . . . 2 Recycling Units 3 | . 3 . . . . Scanalyzers . | . . . . . . Garrison Access . | . . . . . . Terminal Hacks 11 | . 8 . . 1 2 Open Door 1 | . . . . 1 . Branch Access Points 1 | . 1 . . . . Terminal Index 2 | . 1 . . . 1 Alert Level 2 | . 2 . . . . Locate Traps 1 | . . . . . 1 Recall Investigation 2 | . 2 . . . . Hauler Manifests 1 | . 1 . . . . Zone Layout 1 | . 1 . . . . Fabricator Hacks . | . . . . . . Repair Station Hacks 3 | . 1 . . . 2 Scan Component 2 | . 1 . . . 1 Repair 1 | . . . . . 1 Recycling Unit Hacks 3 | . 3 . . . . Report Inventory 1 | . 1 . . . . Retrieve Matter 1 | . 1 . . . . Retrieve Components 1 | . 1 . . . . Scanalyzer . | . . . . . . Garrison Access Hacks . | . . . . . . Unauthorized Hacks 13 | . 6 . 1 . 6 Terminals 13 | . 6 . 1 . 6 Assimilate 1 | . . . . . 1 Botnet 12 | . 6 . 1 . 5 Fabricators . | . . . . . . Repair Stations . | . . . . . . Recycling Units . | . . . . . . Scanalyzers . | . . . . . . Garrison Access . | . . . . . . Data Cores Recovered . | . . . . . . Used . | . . . . . . Hacking Detections 14 | . 8 . 1 . 5 Full Trace Events 1 | . 1 . . . . Feedback Events . | . . . . . . Feedback Blocked . | . . . . . . Robot Schematics Acquired . | . . . . . . Robots Built . | . . . . . . Authchips . | . . . . . . Time . | . . . . . . Total Robot Build Rating . | . . . . . . Part Schematics Acquired . | . . . . . . Parts Built . | . . . . . . Authchips . | . . . . . . Time . | . . . . . . Total Part Build Rating . | . . . . . . Part Studies Acquired . | . . . . . . Parts Repaired 1 | . . . . . 1 Time 26 | . . . . . 26 Parts Recycled . | . . . . . . Recycled Matter . | . . . . . . Retrieved Matter . | . . . . . . Retrieved Components 3 | . 3 . . . . Parts Scanalyzed . | . . . . . . Part Schematics Acquired . | . . . . . . Parts Damaged . | . . . . . . Bothacking | -11 -10 -10 -9 -9 -8 ------------ Run | Yrd Mat Min Mat Min Mat Used RIF Installer . | . . . . . . Robots Hacked . | . . . . . . Non-combat . | . . . . . . Combat . | . . . . . . Robot Hacks Applied . | . . . . . . Relay Couplers Released . | . . . . . . Fabnet Peak Effective % . | . . . . . . Robots Rewired . | . . . . . . Allies Hacked . | . . . . . . Hacks Repelled . | . . . . . . Allies | -11 -10 -10 -9 -9 -8 -------- Run | Yrd Mat Min Mat Min Mat Total Allies 1 | . . . . . 1 Largest Group 1 | . . . . . 1 Highest-Rated Group 10 | . . . . . 10 Highest-Rated Ally 10 | . . . . . 10 Total Orders . | . . . . . . Ally Attacks . | . . . . . . Total Damage . | . . . . . . Kills . | . . . . . . Allies Corrupted . | . . . . . . Allies Melted . | . . . . . . Intel | -11 -10 -10 -9 -9 -8 ------- Run | Yrd Mat Min Mat Min Mat Active Infowar (turns) 765 | . 203 89 87 39 347 Sensors 58 | . . 6 52 . . Structural 2 | . 2 . . . . Seismic 623 | . 177 . 60 39 347 ECM 137 | . 26 85 26 . . Robot Analysis Total . | . . . . . . Derelict Logs Recovered . | . . . . . . Drone Launches . | . . . . . . Drone Recoveries . | . . . . . . Exploration | -11 -10 -10 -9 -9 -8 ------------- Run | Yrd Mat Min Mat Min Mat Turns Passed 1067 | 75 429 89 87 39 348 Spaces Moved 1131 | 55 372 110 211 83 300 Core 7 | 7 . . . . . Treads . | . . . . . . Legs 274 | 48 226 . . . . Wheels 49 | . . . . . 49 Hover . | . . . . . . Flight 801 | . 146 110 211 83 251 Fastest Speed 34 | 50 37 37 34 34 34 Average Speed 58 | 111 87 37 34 34 44 Slowest Speed 120 | 120 120 37 37 34 100 Overloaded Moves . | . . . . . . Propulsion Burnouts . | . . . . . . Robots Hopped 5 | . 3 . 1 1 . Potential Cave-ins 1 | . . . . . 1 Cave-ins Triggered 1 | . . . . . 1 Exploration Rate (%) 33 | 4 67 41 26 22 39 Regions Visited 5 Branch Regions 2 Pre-discovered Areas . | . . . . . . Known Exits Taken 1 | . 1 . . . . Unknown Exits Taken 4 | 1 . 1 1 1 . Scrap Searched 1 | . . . . 1 . Spaces Dug 14 | . . . . . 14 Terrain Destroyed 53 | . 39 . . . 14 Melee 14 | . . . . . 14 Projectile . | . . . . . . AOE 39 | . 39 . . . . Terrain Rammed . | . . . . . . Walls Destroyed . | . . . . . . Machines Disabled . | . . . . . . Actions | -11 -10 -10 -9 -9 -8 --------- Run | Yrd Mat Min Mat Min Mat Total 1475 | 66 445 158 222 93 491 Wait 219 | . 13 42 5 . 159 Move 1116 | 54 365 109 208 80 300 Hop 5 | . 3 . 1 1 . Pick Up 16 | 6 5 . . 3 2 Fast Attach 26 | 6 11 3 4 1 1 Attach 4 | . . . 1 . 3 Detach 6 | . 1 1 1 . 3 Swap 11 | . 7 . . 3 1 Drop 34 | . 19 3 2 5 5 Fire 21 | . 21 . . . . Melee 17 | . . . . . 17 Ram . | . . . . . . Kick . | . . . . . . Crush . | . . . . . . Escape Stasis . | . . . . . . Rewire . | . . . . . . Trap . | . . . . . . Miscellaneous . | . . . . . . Route ------- -11/Scrapyard -10/Materials (discovered 3 exits: *Mat x2 / *Min) -10/Mines -9/Materials -9/Mines -8/Materials (discovered 1 exit: [*Fac]) History --------- Turn | Location | Event 2 | -11/Scrapyard | Met Revision 17 21 | -11/Scrapyard | Discovered new exit (range 15) 76 | -11/Scrapyard | Entered Materials 228 | -10/Materials | Discovered new exit (range 4) 324 | -10/Materials | Build established: Mutant 426 | -10/Materials | Discovered new exit (range 16) 427 | -10/Materials | Identified exit to Mines 505 | -10/Materials | Entered Mines 506 | -10/Mines | Assembled infested the area 511 | -10/Mines | Assisted by a Guerilla fighting off Assembled 579 | -10/Mines | Discovered new exit (range 13) 594 | -10/Mines | Entered Materials 594 | -9/Materials | Evolved 2 slots: Propulsion x1, Utility x1 678 | -9/Materials | Discovered new exit (range 11) 681 | -9/Materials | Entered Mines 697 | -9/Mines | Discovered new exit (range 13) 703 | -9/Mines | Met a Derelict who couldn't figure out how to use a Trap Extractor 720 | -9/Mines | Entered Materials 720 | -8/Materials | Evolved 2 slots: Propulsion x1, Utility x1 823 | -8/Materials | Repaired Propulsion Shielding 1009 | -8/Materials | Discovered new exit (range 15) 1067 | -8/Materials | Crushed by falling debris 1068 | -8/Materials | Self-destructed Last Messages --------------- Trojan loaded successfully. Testing... Terminal linked with 4 systems. Awaiting botnet instructions. 01041_ K-01 Serf collects debris. 01041_ O-16 Technician: "IFF HANDSHAKE FAILED. SECURING TERMINAL." Drag warning: You are moving via airborne propulsion while non-airborne propulsion attached, which reduces your speed. See your non-airborne propulsion's Drag stat. 01045_ ALERT: Hostiles spotted, dispatching reinforcements to Terminal M009. 01046_ Dropped Com. Wheel. 01051_ Acquired 5 matter. 01051_ K-01 Serf collects debris. 01067_ The unstable cave ceiling collapses. 01067_ Crushed by falling debris. 01067_ Seismic Detector destroyed. 01067_ System corrupted by crushing effect (+1). 01067_ Xenon Bombardment Thruster destroyed. 01067_ System corrupted by crushing effect (+1). Map ----- +----------------------------------------------------+ | | | | | | | | | | | | | | | | | | | | | | | | | ?????????????????????????????????????????????????? | | ?????????????????????????????????????????????????? | | ????###################??????????????????????????? | | ????? #??????????????????????????? | | ?????? #??????????????????????????? | | ???????? #??????????????????????????? | | #####+##??# #??????????????????????????? | | T?# #????????????????????????????? | | # #= #????????????????????????????? | | ???"" """ + #????????????????????????????? | | ???"" """ # #+#######??????????????????????? | | ????" ""??#+#### # !== #??????????????????????? | | ???? ????# # # != ##?????????????????????? | | ??????????# + + = == @##?????????????????????? | | ??????????# # ########;#########?????????????? | | ??????????# # g #??????#??????? | | ??????????# ?# ############## < #????? #??????? | | ??????????# ??# #???# # #???? #??????? | | ??????????# ???# #????""""" + #??? #??????? | | ??????????# ???+ #????""""" # #### #??????? | | ??????????#????# #????""""" # +??????? | | ???????????????# #?????"""" # #??????? | | ???????????????# #?????"""" #" #??????? | | ???????????????+ #?????"""" #T #??????? | | ???????????????# #?????"""" #" """ #??????? | | ???????????????# #????? # """ #??????? | | ???????????????# ???????####### """ #??????? | | ???????????????? ?????????????# #??????? | | ???????????????? ?????????????# #??????? | | ???????????????? ?????????????# ########??????? | | ???????????????????????????????# #?????????????? | | ???????????????????????????????# #?????????????? | | ???????????????????????????????# #?????????????? | | ???????????????????????????????# #?????????????? | | ???????????????????????????????# #?????????????? | | ???????????????????????????????# #?????????????? | | ???????????????????????????????# #?????????????? | | ???????????????????????????????# #########?????? | +----------------------------------------------------+ Best States ------------- Heat Dissipation 31 Energy Generation 16 Energy Capacity 390 Matter Stores 300 Matter Capacity 400 Sight Range 16 Robot Scan Range 14 Terrain Scan Density 10 ECM Strength 2 Armor Coverage 225 Propulsion Shielding 33 Evasion (%) 63 Trap Extractor Capacity 6 Item Schematics ----------------- None Robot Schematics ------------------ None Fabricated ------------ Nothing Repaired ---------- Propulsion Shielding | 42% | -8/Materials Studied --------- None Alien Tech Used ----------------- None Achievements -------------- You Again Challenges ------------ None Game ------ Seed HardcellGravityRipper Manual? 0 Play Time 01:06:29 Cumulative 29.6 hours Start 2026.02.18 @ 23:27:03 End 2026.02.19 @ 01:00:23 Sessions 1 Manual Loads 0 Difficulty Rogue Special Mode None Game No. 21 Rogue 21 Adventurer 0 Explorer 0 Win Type - Total 0 Types 0/0/0/0/0/0/0/0/0/0 Lore% 17 Gallery% 18 Achievement% 28 Wizard Run 0 Options --------- Layout 0 ASCII 0 Keyboard 1 Movement Vi Keybinds 0 Fullscreen 1 Font 18/SmallcapsGlow Map View 76x50 Zoom Use 0% Tactical HUD 1 Map Filters NONE Filters NONE Steam 1 RUN: b2f5ffe7-5296-471a-89b0-ca866dd863ff